 Dungeon Crawl Stone Soup version 0.29.1-15-g9cfb28693d (webtiles) character file.

Game seed: 11609714434958405059

28 Heoruswealwe the Magician (level 3, 19/19 HPs)
             Began as a Deep Elf Earth Elementalist on Apr 16, 2023.
             Got out of the dungeon alive.
             The game lasted 00:04:13 (440 turns).

Heoruswealwe the Magician (DEEE)                     Turns: 440, Time: 00:04:14

Health: 19/19      AC:  2    Str:  5    XL:     3   Next: 0%
Magic:  10/10      EV: 12    Int: 21    God:
Gold:   26         SH:  0    Dex: 15    Spells: 7/10 levels left

rFire   . . .      SeeInvis .   (no weapon)
rCold   . . .      Faith    .   (no shield)
rNeg    . . .      Spirit   .   a - +0 robe
rPois   .          Reflect  .   (no helmet)
rElec   .          Harm     .   (no cloak)
rCorr   .          Rampage  .   (no gloves)
Will    .....                   (no boots)
Stlth   ++........              (no amulet)
HPRegen 0.06/turn               (no ring)
MPRegen 0.12/turn               (no ring)

@: no status effects
A: no striking features
a: no special abilities


You escaped.
You visited 1 branch of the dungeon, and saw 1 of its levels.

You collected 26 gold pieces.

Inventory:

Armour
 a - a +0 robe (worn)
 c - a +0 robe
Potions
 b - a potion of magic
 d - a potion of lignification {unknown}
 e - a potion of ambrosia {unknown}


   Skills:
 - Level 2.4 Dodging
 - Level 2.4 Stealth
 + Level 4.0 Spellcasting
 - Level 1.1 Transmutations
 + Level 4.0 Earth Magic


You had 7 spell levels left.
You knew the following spells:

 Your Spells              Type           Power      Damage    Failure   Level
a - Sandblast             Erth           42%        2d11      2%          1
z - Passwall              Tmut/Erth      12%        N/A       6%          2

Your spell library contained the following spells:

 Spells                   Type           Power      Damage    Failure   Level
 Stone Arrow              Conj/Erth      24%        3d8       16%         3
 Petrify                  Tmut/Erth      15%        N/A       38%         4


Dungeon Overview and Level Annotations

Branches:
Dungeon (1/15)

Altars:

Shops:
D:1 [(


Message History

You can't see any susceptible monsters within range! (Use Z to cast anyway.)
You can't see any susceptible monsters within range! (Use Z to cast anyway.)
The blast of sand hits the hobgoblin!
You kill the hobgoblin!
Your Spellcasting skill increases to level 4!
Your Earth Magic skill increases to level 4!
You see here a +0 short sword.
You see here a +0 short sword.
There is an entrance to Onkoishu's Antique Armour Boutique here.
Found a glowing hand axe.
You see here a +0 hand axe of holy wrath.
You open the door.
Found a ring mail.
You open the door.
You see here a +0 ring mail.
You see here a +0 hand axe of holy wrath.
You open the door.
A dart slug comes into view.
Found a scroll labelled QIPRAC HEGRAFO.
There is an open door here.
The blast of sand hits the dart slug!
You kill the dart slug!
Found a stone staircase leading down.
A ball python comes into view.
The blast of sand hits the ball python!
You kill the ball python!
You have reached level 3!
Your experience leads to an increase in your attributes!
Increase (S)trength, (I)ntelligence, or (D)exterity?
You feel clever. x2
f - a scroll labelled QIPRAC HEGRAFO
As you read the scroll labelled QIPRAC HEGRAFO, it crumbles to dust.
It is a scroll of enchant weapon.
You aren't carrying any weapons that can be enchanted.
Magic restored.
There is an open door here.
You see here 8 stones.
There is a staircase leading out of the dungeon here.
Are you sure you want to leave the Dungeon?
This will make you lose the game!
You have escaped!

....#........###'###.........##..
....#....##..#8...8#..##.....##..
....#...####.##)#.##.####........
....#....##..#8.#.8#..##.........
....#........##.#.##.............
....#.########8...8########......
....#.#8#8#8#8#...#8#8#8#8#..####
#####.#...................#).....
......'.#####...@...#####.'....#'
......#.....(.............#....'∩
......#8#8#8#8#...#8#8#8#8#....#'
......########8...8########......
..###........##.#.##.............
.........##..#8.#.8#..##.........
........####.##.#.##.####........
.........##..#8...8#..##.........
..###........###'###........####.


There were no monsters in sight!

Vanquished Creatures
  A dart slug (D:1)
  3 endoplasms (D:1)
  A giant cockroach (D:1)
  A hobgoblin (D:1)
  8 jackals (D:1)
  A kobold (D:1)
  A quokka (D:1)
  A ball python (D:1)
  2 bats (D:1)
  2 frilled lizards (D:1)
  A goblin (D:1)
22 creatures vanquished.

Notes
Turn   | Place    | Note
-------+----------+-------------------------------------------
     0 | D:1      | Heoruswealwe the Deep Elf Earth Elementalist began the
                  | quest for the Orb.
     0 | D:1      | Reached XP level 1. HP: 10/10 MP: 6/6
    86 | D:1      | Found Duogial's Antique Weapon Shoppe.
   109 | D:1      | Reached XP level 2. HP: 15/15 MP: 0/8
   112 | D:1      | Learned a level 2 spell: Passwall
   247 | D:1      | Found Onkoishu's Antique Armour Boutique.
   404 | D:1      | Reached XP level 3. HP: 19/19 MP: 7/10
   440 | D:$      | Got out of the dungeon alive.

Illustrated notes

Levels and vault maps discovered:
D:1:      heliophobic_arrival_ceremonial_halls, layout_basic, serial_shops,
          nicolae_shop_behind_doors, nicolae_shop_statue_plus

Skill      XL: |  1  2 |
---------------+-------+-----
Spellcasting   | 4 |  4.0
Earth Magic    | 4 |  4.0
Dodging        | |  2.4
Stealth        | |  2.4
Transmutations | |  1.1

Action                   || total
-------------------------++-------
 Cast: Sandblast         ||    27
  Use: Scroll            ||     1
Armor: Robe              ||     3
Dodge: Dodged            ||    10
